 Dungeon Crawl Stone Soup version 0.31.0-7-gf635a9b802 (webtiles) character file.

Game seed: 3305999093941214215

54 SnakkuSnakku7 the Cudgeller (level 4, -8/35 HPs)
             Began as a Djinni Monk on Jan 23, 2024.
             Mangled by a gnoll
             ... wielding a +0 halberd
              (11 damage)
             ... on level 2 of the Dungeon.
             The game lasted 00:01:30 (1344 turns).

SnakkuSnakku7 the Cudgeller (Djinni Monk)           Turns: 1344, Time: 00:01:30

Health: -8/35      AC:  9    Str: 12    XL:     4   Next: 12%
Gold:   107        EV:  7    Int: 12    God:
                   SH:  0    Dex: 15

rFire   + + .        a - +0 mace
rCold   x . .        d - orb {light}
rNeg    . . .        n - +0 chain mail
rPois   ∞            j - +0 helmet
rElec   .            (no cloak)
rCorr   .            (no gloves)
SInv    .            (boots unavailable)
Will    .....        (no amulet) Stlth
                     (no ring)
HPRegen 0.25/turn    (no ring)
MPRegen 0.00/turn

%: infuse magic (-9 HP)
@: flying, glowing
A: sickness immunity, fire resistance 2, cold vulnerability 1, float, innate
caster, HP casting, extra vitality 1
a: no special abilities


You were on level 2 of the Dungeon.
You visited 1 branch of the dungeon, and saw 2 of its levels.

You collected 107 gold pieces.

Inventory:

Hand Weapons
 a - a +0 mace (weapon)
Armour
 b - a +0 robe
 d - an orb of light (worn)
 j - a +0 helmet (worn)
 n - a +0 chain mail (worn)
Scrolls
 e - a scroll of brand weapon {unknown}
 f - a scroll of acquirement {unknown}
 g - 4 scrolls of identify {unknown}
 k - 2 scrolls of noise {unknown}
 l - a scroll of teleportation {unknown}
 o - a scroll of fear {unknown}
Potions
 c - a potion of ambrosia
 h - a potion of mutation {unknown}
 i - a potion of curing {unknown}
 m - a potion of degeneration {unknown}


   Skills:
 - Level 3.0 Fighting
 + Level 3.9 Maces & Flails
 - Level 3.2 Dodging


You knew the following spells:

 Your Spells              Type           Power      Damage    Failure   Level
a - Kiss of Death         Conj/Necr      0%         2d5       100%        1
Your spell library was empty.


Dungeon Overview and Level Annotations

Branches:
Dungeon (2/15)

Altars:


Innate Abilities, Weirdness & Mutations

You are immune to sickness and miasma.
You are immune to poison.
Your flesh is very heat resistant. (rF++)
You are vulnerable to cold. (rC-)
You float through the air rather than walking.
You learn spells naturally, not from books.
Your magical power is your life essence.
You have superior vitality. (+4 MHP)


Message History

The gnoll hits you but does no damage.
You hit the gnoll.
The gnoll is heavily wounded.
The gnoll hits you with a +0 whip.
You hit the gnoll.
The gnoll is severely wounded.
The gnoll hits you with a +0 whip. The gnoll hits you but does no damage.
You hit the gnoll.
You kill the gnoll!
You have reached level 4!
You feel clever.
You start resting.
HP restored.
You fly downwards.
There is a stone staircase leading up here.
No target in view!
No target in view!
The gnoll hits you with a +0 halberd!
You hit the gnoll but do no damage. The gnoll hits you with a +0 halberd!
You hit the gnoll.
The gnoll is heavily wounded.
The gnoll closely misses you. The gnoll barely misses you.
You hit the gnoll.
The gnoll is almost dead.
The gnoll hits you with a +0 halberd!
* * * LOW HITPOINT WARNING * * *
You are too injured to fight recklessly!
You are too injured to fight recklessly!
You are too injured to fight recklessly!
You hit the gnoll.
The gnoll is almost dead.
The gnoll closely misses you.
You hit the gnoll but do no damage.
The gnoll is almost dead.
The gnoll hits you with a +0 halberd!
* * * LOW HITPOINT WARNING * * *
You hit the gnoll but do no damage.
The gnoll is almost dead.
The gnoll hits you with a +0 halberd!
You die...

########### #.........#
#.8.....8.#
###############.........#
##.....#.....#.g.........#####
##.............@#÷....>.......#
#...............#.............#
#.............<.#.......).....#
#........)......#.8g..g.8.....#
#...............#.............#
#...............##...##.......#
##.............#####.###......#
##.....#.....## #.###.....## #
#######.#.### #..##.#...#


You could see a gnoll.

Vanquished Creatures
  3 gnolls
  3 bats
  An endoplasm (D:2)
  A giant cockroach (D:2)
  4 hobgoblins
  A quokka (D:1)
  7 ball pythons
  3 frilled lizards
  2 goblins (D:1)
  A rat (D:1)
26 creatures vanquished.

Notes
Turn   | Place    | Note
-------+----------+-------------------------------------------
     0 | D:1      | SnakkuSnakku7 the Djinni Monk began the quest for the Orb.
     0 | D:1      | Reached XP level 1. HP: 20/20 MP: 0/0
   391 | D:1      | Reached XP level 2. HP: 25/25 MP: 0/0
   962 | D:2      | Reached XP level 3. HP: 30/30 MP: 0/0
   962 | D:2      | Learned a level 1 spell: Kiss of Death
  1305 | D:1      | Reached XP level 4. HP: 27/35 MP: 0/0
  1344 | D:2      | Mangled by a gnoll

Illustrated notes

Levels and vault maps discovered:
D:1:      dpeg_arrival_rooms_c, layout_loops_corners
D:2:      layout_rooms, st_stairs_1

Skill      XL: |  1  2 |
---------------+-------+-----
Maces & Flails | 3 |  3.9
Fighting       | |  3.0
Dodging        | |  3.2

Action                     |  1- 3 |  4- 6 || total
---------------------------+-------+-------++-------
  Melee: Mace              |    57 |     6 ||    63
 Armour: Robe              |    13 |       ||    13
         Chain mail        |    23 |     5 ||    28
  Dodge: Dodged            |    38 |     3 ||    41
